 Dungeon Crawl Stone Soup version 0.21.0-3-g78d12a8 (webtiles) character file.

656 MTVSty1e the Basher (level 7, 0/41 HPs)
             Began as a Gargoyle Monk on Jan 14, 2018.
             Slain by a slave (3 damage)
             ... led by Pikel
             ... on level 5 of the Dungeon.
             The game lasted 00:08:45 (5335 turns).

MTVSty1e the Basher (Gargoyle Monk)                 Turns: 5335, Time: 00:08:46

Health: 0/41       AC: 12    Str: 17    XL:     7   Next: 55%
Magic:  7/7        EV: 11    Int: 10    God:
Gold:   219        SH:  0    Dex: 12    Spells: 6/6 levels left

rFire    . . .     SeeInvis .   a - +1 mace
rCold    . . .     Gourm    .   (no shield)
rNeg     + . .     Faith    .   m - +0 ring mail
rPois    ∞         Spirit   .   (no helmet)
rElec    +         Reflect  .   r - +1 cloak
rCorr    .         Harm     .   (no gloves)
MR       .....                  d - +0 pair of boots
Stlth    +.........             (no amulet)
HPRegen  0.13/turn              k - ring of wizardry
MPRegen  0.10/turn              (no ring)

@: very slightly contaminated, hasted, very quick
A: negative energy resistance 1, electricity resistance, unbreathing,
petrification resistance, rot immunity, AC +4
a: no special abilities


You were on level 5 of the Dungeon.
You were not hungry.

You visited 1 branch of the dungeon, and saw 5 of its levels.

You collected 219 gold pieces.

Inventory:

Hand Weapons
 a - a +1 mace (weapon)
Armour
 d - a +0 pair of boots (worn)
 e - a +0 cloak
 m - a +0 ring mail (worn)
 r - a +1 cloak (worn)
Jewellery
 g - an uncursed ring of wizardry
 h - an uncursed ring of protection from magic {unknown}
 k - a ring of wizardry (left hand)
Wands
 n - a wand of polymorph (6)
 o - a wand of disintegration (8)
Scrolls
 b - a scroll of enchant weapon
 l - a scroll of remove curse
Comestibles
 c - 4 rations


   Skills:
 - Level 3.2 Fighting
 * Level 8.6 Maces & Flails
 - Level 2.4 Dodging
 - Level 2.1 Stealth


You had 6 spell levels left.
You didn't know any spells.

Dungeon Overview and Level Annotations

Branches:
Dungeon (5/15)
 Temple: D:4-7

Altars:
Ashenzari
Cheibriados
Elyvilon
Fedhas
Gozag
Kikubaaqudgha
Nemelex Xobeh
Ru
Sif Muna
Wu Jian
Yredelemnul

Annotations:
D:3 MTVSty1e's ghost, amateur MiMo
D:5 Pikel


Innate Abilities, Weirdness & Mutations

You are resistant to torment.
Your stone body is resilient. (AC +4)
You are immune to poison.
You resist negative energy. (rN+)
You are resistant to electric shocks. (rElec)
You can survive without breathing.
You are immune to petrification.
You are immune to rotting.


Message History

You assume a fearsome visage.
Pikel looks frightened!
The slave looks frightened! x2; The slave resists with some effort.
The slave looks frightened!
The orc looks frightened! x2
The centaur zombie is unaffected.
The ice beast looks frightened!
It was a scroll of fear.
The centaur zombie hits you but does no damage.
Unknown command.
The centaur zombie hits you but does no damage.
The centaur zombie closely misses you.
You hit the slave.
The slave is lightly wounded.
The slave hits you but does no damage.
You miss the slave.
The slave is lightly wounded.
The centaur zombie hits you but does no damage.
You barely miss the slave.
The slave is lightly wounded.
The centaur zombie hits you but does no damage.
The slave hits you.
You die...

######## #......#
#......# #..§.§@#
#..§§Zp###+############
#..oo§o.........p......
###§###§.......Y.....[.
#... #.....p..........
#.o..#.....p...K...p..
#....#.?.pY...........
###################+##


You could see an ice beast (fleeing), 2 slaves, an orc wizard, an orc and a
centaur zombie.

Vanquished Creatures
  An ice beast (D:4)
  A phantom (D:4)
  An ogre (D:4)
  A bullfrog skeleton (D:4)
  An orc wizard (D:4)
  Crazy Yiuf (D:2)
  Ijyb (D:4)
  3 worker ants (D:4)
  9 adders
  A howler monkey skeleton (D:4)
  4 oozes
  5 worms
  A leopard gecko (D:4)
  5 orcs (D:2)
  5 giant cockroaches
  8 hobgoblins
  2 jackals (D:4)
  A quokka (D:2)
  A ball python (D:2)
  5 bats
  8 frilled lizards
  15 goblins
  7 kobolds
  7 rats
94 creatures vanquished.

Notes
Turn   | Place    | Note
-------+----------+-------------------------------------------
     0 | D:1      | MTVSty1e the Gargoyle Monk began the quest for the Orb.
     0 | D:1      | Reached XP level 1. HP: 14/14 MP: 1/1
   340 | D:1      | Reached XP level 2. HP: 18/19 MP: 2/2
   495 | D:1      | Reached skill level 4 in Maces & Flails
   583 | D:1      | Reached XP level 3. HP: 22/23 MP: 3/3
  1233 | D:2      | Reached XP level 4. HP: 28/28 MP: 4/4
  1315 | D:2      | Reached skill level 5 in Maces & Flails
  1328 | D:2      | Found a runed door.
  1384 | D:2      | Noticed Crazy Yiuf
  1393 | D:2      | Killed Crazy Yiuf
  1648 | D:2      | Reached XP level 5. HP: 26/32 MP: 5/5
  1952 | D:2      | Found a sparkling altar of Nemelex Xobeh.
  1953 | D:2      | Found an opulent altar of Gozag.
  2814 | D:3      | Reached skill level 6 in Maces & Flails
  2835 | D:3      | Noticed MTVSty1e's ghost (amateur MiMo)
  3362 | D:3      | Found a blossoming altar of Fedhas.
  3368 | D:3      | Found an ornate altar of the Wu Jian Council.
  3372 | D:3      | Found a white marble altar of Elyvilon.
  3378 | D:3      | Found a snail-covered altar of Cheibriados.
  3382 | D:3      | Found a deep blue altar of Sif Muna.
  3388 | D:3      | Found an ancient bone altar of Kikubaaqudgha.
  3392 | D:3      | Found a basalt altar of Yredelemnul.
  3686 | D:3      | Found a shattered altar of Ashenzari.
  3825 | D:4      | Found a sacrificial altar of Ru.
  3922 | D:4      | Noticed an ice beast
  3937 | D:4      | Killed an ice beast
  3937 | D:4      | Reached skill level 7 in Maces & Flails
  3937 | D:4      | Reached XP level 6. HP: 23/37 MP: 6/6
  4250 | D:4      | Noticed Ijyb
  4296 | D:4      | Killed Ijyb
  4867 | D:4      | Reached XP level 7. HP: 34/41 MP: 7/7
  4944 | D:4      | Reached skill level 8 in Maces & Flails
  5290 | D:5      | Entered Level 5 of the Dungeon
  5293 | D:5      | Noticed Pikel
  5328 | D:5      | HP: 2/41 [slave[Pikel] (4)]
  5335 | D:5      | Slain by a slave

Skill      XL: |  1  2  3  4  5  6  7 |
---------------+----------------------+-----
Maces & Flails | 4 5 7 8 |  8.6
Fighting       | |  3.2
Dodging        | |  2.4
Stealth        | |  2.1

Action                   |  1- 3 |  4- 6 |  7- 9 || total
-------------------------+-------+-------+-------++-------
Melee: Mace              |   118 |   292 |    68 ||   478
       Unarmed           |       |    33 |       ||    33
  Use: Scroll            |       |     7 |     5 ||    12
       Potion            |       |     4 |     1 ||     5
 Stab: Sleeping          |     3 |     5 |     1 ||     9
  Eat: Chunk             |     1 |     5 |       ||     6
       Ration            |       |     2 |     1 ||     3
Armor: Robe              |     6 |       |       ||     6
       Leather armour    |    39 |    29 |       ||    68
       Ring mail         |       |    93 |    29 ||   122
       Skin              |       |     7 |       ||     7
Dodge: Dodged            |    90 |   199 |    42 ||   331
